 Dungeon Crawl Stone Soup version 0.18-a0-1773-gec4f98e (webtiles) character file.

34 epen the Slasher (level 3, -1/32 HPs)
             Began as a Naga Gladiator on Apr 14, 2016.
             Slain by a hobgoblin (2 damage)
             ... led by Robin
             ... on level 2 of the Dungeon.
             The game lasted 00:01:09 (1011 turns).

epen the Slasher (Naga Gladiator)                   Turns: 1011, Time: 00:01:10

Health: -1/32      AC:  4    Str: 18    XL:     3   Next: 31%
Magic:  3/3        EV:  8    Int:  8    God:
Gold:   17         SH:  3    Dex: 11    Spells: 0 memorised, 2 levels left

rFire  . . .     SeeInvis +     a - +0 long sword
rCold  . . .     Gourm    .     l - +0 ring mail (curse)
rNeg   . . .     Faith    .     e - +0 buckler
rPois  +         Spirit   .     c - +0 helmet
rElec  .         Dismiss  .     (no cloak)
rCorr  .         Reflect  .     (no gloves)
SustAt .         Harm     .     (no barding)
MR     .....                    (no amulet)
Stlth  +.........               (no ring)
                                (no ring)

@: very slow, not resistant to hostile enchantments, very unstealthy
A: see invisible, deformed body, poison resistance, slowness 2, slow metabolism
1, spit poison 2, AC +1
a: Spit Poison


You were on level 2 of the Dungeon.
You were not hungry.

You visited 1 branch of the dungeon, and saw 2 of its levels.

You collected 17 gold pieces.

Inventory:

Hand Weapons
 a - a +0 long sword (weapon)
Missiles
 d - 3 throwing nets (quivered)
Armour
 b - a +0 leather armour
 c - a +0 helmet (worn)
 e - a +0 buckler (worn)
 j - a +0 ring mail
 l - a cursed +0 ring mail (worn)
Scrolls
 g - a scroll of amnesia {unknown}
 h - a scroll of identify {unknown}
Potions
 k - a potion of cure mutation {unknown}
Comestibles
 f - a bread ration
 i - a meat ration


   Skills:
 - Level 2.0 Fighting
 * Level 3.7 Long Blades
 - Level 1.7 Throwing
 * Level 2.9 Dodging
 + Level 1.2 Stealth


You had 2 spell levels left.
You didn't know any spells.

Dungeon Overview and Level Annotations

Branches:
Dungeon (2/15)

Altars:

Annotations:
D:2 Robin


Innate Abilities, Weirdness & Mutations

You cannot wear boots.
Your serpentine skin is tough (AC +1).
You have supernaturally acute eyesight.
Armour fits poorly on your strangely shaped body.
Your system is resistant to poisons.
You cover ground very slowly.
You have a slow metabolism.
You can spit poison.


Message History

You kill the goblin!
The goblin completely misses you. Robin throws the goblin at you!
The goblin barely misses you.
You see here a goblin corpse.
Robin throws the goblin at you! The goblin barely misses you.
The goblin hits you with a dagger.
* * * LOW HITPOINT WARNING * * *
Robin's horned helmet rattles.
The goblin hits you.
* * * LOW HITPOINT WARNING * * *
You closely miss the goblin. The goblin hits you with a dagger.
* * * LOW HITPOINT WARNING * * *
Robin throws the goblin at you!
* * * LOW HITPOINT WARNING * * *
The goblin hits you with a dagger.
* * * LOW HITPOINT WARNING * * *
The goblin hits you with a club.
* * * LOW HITPOINT WARNING * * *
The goblin closely misses you. The hobgoblin hits you.
You die...

#. #. . #. ..###.#
.?.$...#####+#########
.....................#
g.....g###g..........#
....g.gg†g@g.[.......#
.....gg###gg.........#
....... #...........#
....... #.....##<####
....... #.....##.#
.....>.#.......##.#
##.##+##.#.....##.# #.
#.########.# . #.#


You could see Robin, 3 hobgoblins and 7 goblins.

Vanquished Creatures
  An adder (D:2)
  A dart slug (D:1)
  2 giant geckos (D:1)
  A bat (D:1)
  2 giant cockroaches (D:1)
  3 goblins
  A hobgoblin (D:1)
  2 jackals (D:1)
  2 kobolds
  2 giant newts (D:1)
  3 rats
20 creatures vanquished.

Notes
Turn   | Place    | Note
--------------------------------------------------------------
     0 | D:1      | epen the Naga Gladiator began the quest for the Orb.
     0 | D:1      | Reached XP level 1. HP: 19/19 MP: 1/1
   204 | D:1      | Reached XP level 2. HP: 20/26 MP: 2/2
   946 | D:2      | Reached skill level 1 in Stealth
   946 | D:2      | Reached XP level 3. HP: 26/32 MP: 3/3
  1003 | D:2      | Noticed Robin
  1011 | D:2      | HP: 1/32 [goblin/club[Robin] (1)]
  1011 | D:2      | Slain by a hobgoblin

Vault maps used:
D:1:      minmay_arrival_open_corners
D:2:      ecumenical_altar_2, uniq_sigmund, uniq_robin

Skill      XL: |  1  2 |
---------------+-------+-----
Stealth        | 1 |  1.2
Fighting       | |  2.0
Long Blades    | |  3.7
Throwing       | |  1.7
Dodging        | |  2.9

Action                   || total
-------------------------++-------
Melee: Long sword        ||    60
 Abil: Spit Poison       ||     2
Armor: Leather armour    ||    12
       Ring mail         ||     8
Dodge: Dodged            ||    41
Block: Buckler           ||     7
